Map: [ESL] Goldenaura

Players

ONSYDESolar (Solar)

  • Race: Zerg Zerg
  • League: Master
  • Spawn Location: 12:00

GuMiho - Winner!

  • Race: Terran Terran
  • Spawn Location: 5:00

VOD

Have the link to the VOD?

Description

Time

  • Played on: Dec. 11, 2023, 6:38 a.m.
  • Length: 8:08
Show
View Real Time Build Order
Export as new Build Order

ONSYDESolar Zerg 

Build Orders: Hatch First 

Get SALT Encoding   

  12  0:00  Drone  
  13  0:12  Overlord  
  13  0:17  Drone  
  14  0:31  Drone x2  
  16  0:48  Hatchery  
  15  0:51  Drone  
  15  0:54  Drone  
  17  0:58  Drone  
  18  1:08  Extractor  
  17  1:13  Spawning Pool  
  17  1:17  Drone  
  17  1:20  Drone  
  18  1:28  Drone  
  20  1:40  Drone  
  20  1:49  Drone  
  21  2:00  Zergling x2, Queen x2  
  21  2:01  Zergling x2  
  27  2:12  Overlord  
  27  2:14  Drone  
  28  2:22  Metabolic Boost  
  28  2:31  Hatchery, Zergling x2  
  28  2:33  Drone  
  30  2:37  Zergling x2  
  30  2:43  Queen  
  32  2:48  Overlord  
  32  2:51  Drone  
  33  2:53  Drone  
  33  2:58  Drone  
  35  2:59  Zergling x2  
  36  3:07  Zergling x4  
  36  3:09  Drone x2  
  36  3:10  Drone  
  39  3:20  Spore Crawler  
  39  3:22  Queen  
  39  3:23  Overlord  
  39  3:25  Drone  
  39  3:26  Drone  
  43  3:31  Overlord  
  43  3:43  Drone x3  
  43  3:44  Queen  
  43  3:48  Drone  
  49  3:51  Queen  
  49  3:53  Drone x3  
  54  4:01  Drone  
  55  4:03  Overlord  
  55  4:05  Drone x4  
  55  4:07  Drone  
  55  4:08  Drone  
  61  4:13  Drone  
  62  4:19  Drone  
  62  4:20  Drone x2  
  62  4:22  Queen  
  62  4:23  Extractor  
  66  4:26  Queen  
  66  4:28  Drone  
  66  4:29  Drone x2  
  66  4:30  Overlord  
  71  4:32  Drone x2  
  71  4:36  Overlord  
  73  4:40  Overlord  
  73  4:41  Drone  
  73  4:45  Evolution Chamber  
  73  4:49  Drone x2  
  73  4:50  Zergling x6, Evolution Chamber  
  73  4:51  Overlord  
  77  4:54  Overlord  
  77  4:58  Drone x4  
  81  5:02  Queen  
  81  5:04  Zergling x2  
  81  5:05  Zergling x2  
  81  5:06  Overlord  
  85  5:08  Drone  
  85  5:12  Drone x4  
  89  5:15  Extractor  
  89  5:16  Zergling x2  
  89  5:17  Zergling x2  
  89  5:19  Zerg Ground Armor Level 1  
  89  5:20  Zerg Melee Weapons Level 1  
  90  5:24  Zergling x2  
  90  5:27  Zergling x4  
  93  5:30  Zergling x8  
  97  5:35  Lair  
  97  5:36  Zergling x2  
  97  5:39  Zergling x14  
  105  5:43  Zergling x2, Baneling Nest  
  105  5:44  Extractor  
  105  5:49  Zergling x2  
  105  5:51  Overlord  
  105  5:54  Zergling x2  
  106  5:59  Drone  
  106  6:00  Drone  
  108  6:08  Zergling x2  
  100  6:11  Zergling x10  
  100  6:16  Zergling x14  
  104  6:25  Zergling x2  
  104  6:27  Baneling x10  
  104  6:28  Hatchery  
  104  6:30  Zergling x4  
  105  6:37  Centrifugal Hooks, Zergling x4  
  107  6:40  Overlord  
  107  6:46  Drone  
  108  6:51  Drone  
  108  6:52  Zergling x4  
  111  6:56  Zergling x10  
  111  6:59  Queen x3  
  122  7:01  Zergling x10  
  122  7:05  Overlord  
  112  7:13  Zergling x4  
  112  7:15  Zergling x2  
  103  7:21  Zergling x2  
  104  7:23  Zergling x2  
  104  7:28  Zergling x2  
  104  7:29  Zergling x18  
  109  7:35  Zergling x4  
  109  7:38  Overlord  
  109  7:43  Zergling x4  
  105  7:53  Baneling  
  105  7:54  Baneling  
Show
View Real Time Build Order
Export as new Build Order

GuMiho Terran - Winner!

Build Orders:  

Get SALT Encoding   

  12  0:00  SCV  
  13  0:12  SCV  
  14  0:17  Supply Depot  
  14  0:24  SCV  
  15  0:38  SCV  
  15  0:39  Barracks  
  16  0:44  Refinery  
  16  0:50  SCV  
  17  1:00  Barracks  
  17  1:03  SCV  
  18  1:15  SCV  
  19  1:26  Reaper  
  19  1:27  Orbital Command  
  20  1:33  Supply Depot  
  20  1:46  Reaper  
  21  1:53  SCV  
  22  2:03  Reaper  
  22  2:05  SCV  
  24  2:12  Command Center  
  24  2:17  Refinery  
  24  2:18  SCV  
  25  2:23  Reaper  
  26  2:30  SCV  
  26  2:37  Barracks  
  27  2:40  Barracks Tech Lab  
  27  2:42  SCV  
  28  2:55  SCV  
  28  2:56  Barracks Reactor  
  29  2:59  Marine  
  29  3:03  Stimpack  
  30  3:07  SCV  
  31  3:23  Orbital Command, SCV, Marine  
  31  3:24  Barracks Reactor  
  33  3:32  Factory  
  33  3:34  Marine x2  
  33  3:35  SCV  
  33  3:41  Supply Depot, Marine  
  37  3:47  SCV  
  38  3:50  SCV  
  38  3:52  Marine x2  
  41  3:59  SCV  
  41  4:00  Marine x2  
  41  4:01  Marine  
  41  4:02  SCV  
  46  4:07  Supply Depot  
  46  4:10  Marine x2  
  46  4:12  SCV  
  46  4:14  SCV  
  50  4:18  Starport, Marine x2  
  50  4:19  Factory Reactor  
  50  4:24  SCV  
  53  4:26  SCV  
  53  4:27  Supply Depot  
  53  4:29  Marine x3  
  57  4:36  SCV  
  58  4:38  Supply Depot, SCV  
  58  4:39  Marine x2  
  58  4:43  Combat Shield  
  61  4:48  SCV  
  61  4:50  SCV  
  63  5:00  Marine x4  
  63  5:01  Marine, Refinery x2  
  63  5:02  Medivac  
  63  5:04  Medivac  
  63  5:06  Factory Tech Lab  
  72  5:09  SCV x2  
  72  5:12  Engineering Bay  
  74  5:16  Supply Depot  
  74  5:19  Supply Depot  
  74  5:21  SCV  
  75  5:22  SCV  
  75  5:23  Marine  
  75  5:25  Marine  
  78  5:37  Marine x3, Medivac x2  
  78  5:40  Terran Infantry Weapons Level 1  
  78  5:41  Supply Depot  
  85  5:43  SCV  
  85  5:44  SCV  
  85  5:48  Marine x2  
  89  5:53  Siege Tank  
  89  5:55  Marine  
  93  5:58  Marine  
  93  6:02  Marine  
  94  6:11  Marine x2  
  94  6:13  Marine  
  94  6:15  Marine  
  91  6:19  SCV  
  91  6:20  SCV, Marine, Medivac  
  91  6:22  Medivac  
  97  6:25  Siege Tank  
  97  6:29  Marine x2  
  102  6:42  Supply Depot x2  
  102  6:49  Barracks  
  102  6:52  Barracks  
  102  6:53  Marine x5  
  107  6:54  Factory  
  107  6:59  Siege Tank  
  110  7:03  SCV  
  106  7:11  Marine  
  106  7:12  Marine x2  
  106  7:13  Marine x2  
  106  7:14  Medivac  
  105  7:16  Medivac  
  107  7:29  Marine  
  108  7:30  Marine  
  108  7:31  Supply Depot  
  108  7:32  Supply Depot  
  108  7:33  Siege Tank  
  108  7:34  Supply Depot  
  108  7:36  Marine x2  
  114  7:37  Marine x2  
  116  7:46  Marine  
  116  7:48  Marine  
  116  7:53  Factory Tech Lab  
  116  7:56  Barracks Reactor x2  
Tags
 
League
Master
Matchup
TvZ
Replay Pack
December 2023
Spawn Locations
Cross Positions
Add a new tag
Caveats
  • Supply blocks, unpowered buildings, or Contaminate may cause inaccurate times.
  • Supply counts are checked every 10 seconds.